TOP OF THE 1ST |
Louisville Cardinals batting - Pitching for Texas Tech Red Raiders : RHP Jeff Daniels
|
Pitching: RHP Jeff Daniels
|
|
Batting: RHB Victor Gilbert
|
0-0: Called Strike 0-1: Foul Ball, location: 2F 0-2: Ground out 6-3 (Groundball, 6)
|
Batting: RHB Michael Harris
|
0-0: Foul Ball, location: 2F 0-1: Ball 1-1: Ground out 1-3 (Groundball, 13)
|
Batting: RHB James Everhart
|
0-0: Called Strike 0-1: Called Strike 0-2: Ball 1-2: Ground out 6-3 (Groundball, 6)
|
Top of the 1st over - 0 run(s), 0 hit(s), 0 error(s), 0 left on base; Louisville 0 - Texas Tech 0 |
BOTTOM OF THE 1ST |
Texas Tech Red Raiders batting - Pitching for Louisville Cardinals : RHP Rod Whitaker
|
Pitching: RHP Rod Whitaker
|
|
Batting: LHB Terry Neal
|
0-0: Ball 1-0: Ball 2-0: Ball 3-0: Base on Balls
|
Batting: RHB Lorenzo Hernández
|
0-0: Called Strike 0-1: Reached on error, E6 (Groundball, 6) Terry Neal to second
|
Batting: RHB Cameron Irwin
|
0-0: Foul Ball, location: 2F 0-1: SINGLE (Groundball, 56S) (infield hit) Terry Neal to third Lorenzo Hernández to second
|
Batting: LHB Arthur Guzmán
|
0-0: Ball 1-0: Ball 2-0: Called Strike 2-1: Foul Ball, location: 2F 2-2: Ball 3-2: Foul Ball, location: 2F 3-2: SINGLE (Flyball, 8LS) Terry Neal scores Lorenzo Hernández to third Cameron Irwin to second
|
Batting: RHB Gilberto Bautista
|
0-0: Called Strike 0-1: Ball 1-1: Foul Ball, location: 2F 1-2: Strikes out looking
|
Batting: RHB Sam Lynch
|
0-0: Ball 1-0: Grounds into double play, 6-4-3 (Groundball, 6)
|
Bottom of the 1st over - 1 run(s), 2 hit(s), 1 error(s), 2 left on base; Louisville 0 - Texas Tech 1 |
TOP OF THE 2ND |
Louisville Cardinals batting - Pitching for Texas Tech Red Raiders : RHP Jeff Daniels
|
Batting: RHB Doug Bell
|
0-0: Ball 1-0: Foul Ball, location: 2F 1-1: Ball 2-1: Foul Ball, location: 2F 2-2: SINGLE (Line Drive, 78S)
|
Batting: RHB Mike Harris
|
0-0: Ball Doug Bell steals 2nd base 1-0: Ball 2-0: Ball 3-0: Called Strike 3-1: Ground out 4-3 (Groundball, 4) Doug Bell to third
|
Batting: RHB Scott Cabrera
|
0-0: Called Strike 0-1: Called Strike 0-2: Strikes out swinging
|
Batting: RHB Justin Tomlinson
|
0-0: Called Strike 0-1: Ball 1-1: Ball 2-1: Ball 3-1: Base on Balls
|
Batting: RHB Bobby Hendricks
|
0-0: Ball 1-0: Ball 2-0: Called Strike 2-1: Called Strike 2-2: Foul Ball, location: 2F 2-2: Strikes out swinging
|
Top of the 2nd over - 0 run(s), 1 hit(s), 0 error(s), 2 left on base; Louisville 0 - Texas Tech 1 |
BOTTOM OF THE 2ND |
Texas Tech Red Raiders batting - Pitching for Louisville Cardinals : RHP Rod Whitaker
|
Batting: RHB Josh Bergman
|
0-0: Ball 1-0: Ball 2-0: Called Strike 2-1: Ball 3-1: Base on Balls
|
Batting: SHB Andrés Cruz
|
0-0: Ball Passed Ball! Josh Bergman to second 1-0: Called Strike 1-1: Called Strike 1-2: Foul Ball, location: 2F 1-2: Fly out, F9 (Flyball, 9)
|
Batting: RHB Ángel Herrera
|
0-0: SINGLE (Line Drive, 34) Josh Bergman to third Runner from 3rd tries for Home, SAFE, no throw
|
Batting: LHB Terry Neal
|
0-0: Called Strike 0-1: Ball 1-1: Foul Ball, location: 2F 1-2: Strikes out swinging
|
Batting: RHB Lorenzo Hernández
|
0-0: Called Strike 0-1: Foul Ball, location: 2F 0-2: Foul Ball, location: 2F 0-2: Foul Ball, location: 2F 0-2: Ball 1-2: Foul Ball, location: 2F 1-2: Ball 2-2: Ball 3-2: Fly out, F9 (Flyball, 9)
|
Bottom of the 2nd over - 1 run(s), 1 hit(s), 0 error(s), 1 left on base; Louisville 0 - Texas Tech 2 |
TOP OF THE 3RD |
Louisville Cardinals batting - Pitching for Texas Tech Red Raiders : RHP Jeff Daniels
|
Batting: RHB Troy Legge
|
0-0: Ball 1-0: Ball 2-0: Ball 3-0: Base on Balls
|
Batting: RHB Victor Gilbert
|
0-0: Ball 1-0: Called Strike 1-1: Ball 2-1: SINGLE (Line Drive, 6MD) Troy Legge to second
|
Batting: RHB Michael Harris
|
0-0: Called Strike 0-1: Ball 1-1: Ball 2-1: Foul Ball, location: 2F 2-2: Ball 3-2: Foul Ball, location: 2F 3-2: Base on Balls Troy Legge to third Victor Gilbert to second
|
Batting: RHB James Everhart
|
0-0: Ball 1-0: Ball 2-0: Called Strike 2-1: Ball 3-1: Base on Balls Troy Legge scores Victor Gilbert to third Michael Harris to second
|
Batting: RHB Doug Bell
|
0-0: Called Strike 0-1: Ball 1-1: Ball 2-1: GRAND SLAM HOME RUN (Flyball, 78XD), Distance : 388 ft
|
Batting: RHB Mike Harris
|
0-0: Ball 1-0: Ball 2-0: Foul Ball, location: 2F 2-1: Called Strike 2-2: Ground out 6-3 (Groundball, 6)
|
Batting: RHB Scott Cabrera
|
0-0: Ball 1-0: Ball 2-0: Ground out 4-3 (Groundball, 4M)
|
Batting: RHB Justin Tomlinson
|
0-0: SOLO HOME RUN (Flyball, 78XD), Distance : 382 ft
|
Pitching: RHP Javier Carrillo
|
|
Batting: RHB Bobby Hendricks
|
0-0: Ball 1-0: Ball 2-0: Ball 3-0: Base on Balls
|
Batting: RHB Troy Legge
|
0-0: Ball 1-0: Called Strike 1-1: Fielders Choice at 2nd, 4-6 (Groundball, 4)
|
Top of the 3rd over - 6 run(s), 3 hit(s), 0 error(s), 0 left on base; Louisville 6 - Texas Tech 2 |
BOTTOM OF THE 3RD |
Texas Tech Red Raiders batting - Pitching for Louisville Cardinals : RHP Rod Whitaker
|
Batting: RHB Cameron Irwin
|
0-0: Foul Ball, location: 2F
|
|
|
|
0-1: Ball 1-1: Ball 2-1: Foul Ball, location: 2F 2-2: Foul Ball, location: 2F 2-2: Ball 3-2: Ground out 4-3 (Groundball, 4)
|
Batting: LHB Arthur Guzmán
|
0-0: Ground out 6-3 (Groundball, 6)
|
Batting: RHB Gilberto Bautista
|
0-0: Ball 1-0: Foul Ball, location: 2F 1-1: Ball 2-1: Ball 3-1: Foul Ball, location: 2F 3-2: Fly out, F8 (Flyball, 8LM)
|
Bottom of the 3rd over - 0 run(s), 0 hit(s), 0 error(s), 0 left on base; Louisville 6 - Texas Tech 2 |
TOP OF THE 4TH |
Louisville Cardinals batting - Pitching for Texas Tech Red Raiders : RHP Javier Carrillo
|
Batting: RHB Victor Gilbert
|
0-0: Ball 1-0: Swinging Strike 1-1: Ball 2-1: Swinging Strike 2-2: Foul Ball, location: 2F 2-2: Foul Ball, location: 2F 2-2: Foul Ball, location: 2F 2-2: Ball 3-2: Base on Balls
|
Batting: RHB Michael Harris
|
0-0: Called Strike 0-1: Called Strike 0-2: Fly out, F8 (Flyball, 8LXD)
|
Batting: RHB James Everhart
|
0-0: SINGLE (Groundball, 56D) Victor Gilbert to second Victor Gilbert to third
|
Batting: RHB Doug Bell
|
0-0: Called Strike 0-1: Swinging Strike 0-2: Ball 1-2: Ball 2-2: Foul Ball, location: 2F 2-2: SINGLE (Groundball, 34D) Victor Gilbert scores James Everhart to second Runner from 2nd tries for 3rd, SAFE, throw made to third Doug Bell to second
|
Batting: RHB Mike Harris
|
0-0: Ball 1-0: Called Strike 1-1: Ball 2-1: Foul Ball, location: 2F 2-2: Ball 3-2: Foul Ball, location: 2F 3-2: Strikes out swinging
|
Batting: RHB Scott Cabrera
|
0-0: Called Strike 0-1: Swinging Strike 0-2: Ball 1-2: Ball 2-2: Ball 3-2: Ground out 5-3 (Groundball, 56S)
|
Top of the 4th over - 1 run(s), 2 hit(s), 0 error(s), 2 left on base; Louisville 7 - Texas Tech 2 |
BOTTOM OF THE 4TH |
Texas Tech Red Raiders batting - Pitching for Louisville Cardinals : RHP Rod Whitaker
|
Batting: RHB Sam Lynch
|
0-0: Ball 1-0: Swinging Strike 1-1: Foul Ball, location: 2F 1-2: Strikes out swinging
|
Batting: RHB Josh Bergman
|
0-0: Ball 1-0: Ground out 6-3 (Groundball, 6)
|
Batting: SHB Andrés Cruz
|
0-0: Called Strike 0-1: Ball 1-1: Ball 2-1: Ball 3-1: Ground out 4-3 (Groundball, 4S)
|
Bottom of the 4th over - 0 run(s), 0 hit(s), 0 error(s), 0 left on base; Louisville 7 - Texas Tech 2 |
TOP OF THE 5TH |
Louisville Cardinals batting - Pitching for Texas Tech Red Raiders : RHP Javier Carrillo
|
Batting: RHB Justin Tomlinson
|
0-0: Foul Ball, location: 2F 0-1: Ball 1-1: Ball 2-1: Foul Ball, location: 2F 2-2: Ball 3-2: Strikes out swinging
|
Batting: RHB Bobby Hendricks
|
0-0: Foul Ball, location: 2F 0-1: Ball 1-1: Foul Ball, location: 2F 1-2: Foul Ball, location: 2F 1-2: Strikes out swinging
|
Pitching: RHP Brent McPherson
|
|
Batting: RHB Troy Legge
|
0-0: Swinging Strike 0-1: Swinging Strike 0-2: Ball 1-2: Strikes out looking
|
Top of the 5th over - 0 run(s), 0 hit(s), 0 error(s), 0 left on base; Louisville 7 - Texas Tech 2 |
BOTTOM OF THE 5TH |
Texas Tech Red Raiders batting - Pitching for Louisville Cardinals : RHP Rod Whitaker
|
Batting: RHB Ángel Herrera
|
0-0: Ball 1-0: Ball 2-0: Fly out, F5 (Line Drive, 5)
|
Batting: LHB Terry Neal
|
0-0: Ball 1-0: Called Strike 1-1: Ground out 6-3 (Groundball, 6)
|
Batting: RHB Lorenzo Hernández
|
0-0: Ball 1-0: Ball 2-0: Reached on error, E4 (Groundball, 4)
|
Batting: RHB Cameron Irwin
|
0-0: Ball 1-0: Ball 2-0: Fielders Choice at 2nd, 6-4 (Groundball, 56)
|
Bottom of the 5th over - 0 run(s), 0 hit(s), 1 error(s), 0 left on base; Louisville 7 - Texas Tech 2 |
TOP OF THE 6TH |
Louisville Cardinals batting - Pitching for Texas Tech Red Raiders : RHP Brent McPherson
|
Batting: RHB Victor Gilbert
|
0-0: Ball 1-0: Foul Ball, location: 2F 1-1: Ball 2-1: Foul Ball, location: 2F 2-2: Strikes out swinging
|
Batting: RHB Michael Harris
|
0-0: Ball 1-0: Ball 2-0: Ball 3-0: Called Strike 3-1: Foul Ball, location: 2F 3-2: Base on Balls
|
Batting: RHB James Everhart
|
0-0: Foul Ball, location: 2F 0-1: Ball 1-1: Ball 2-1: Called Strike 2-2: Foul Ball, location: 2F 2-2: Ball 3-2: Grounds into double play, 5-4-3 (Groundball, 5)
|
Top of the 6th over - 0 run(s), 0 hit(s), 0 error(s), 0 left on base; Louisville 7 - Texas Tech 2 |
BOTTOM OF THE 6TH |
Texas Tech Red Raiders batting - Pitching for Louisville Cardinals : RHP Rod Whitaker
|
Pitching: RHP Orlando Gonzáles
|
|
Batting: LHB Arthur Guzmán
|
0-0: Foul Ball, location: 2F 0-1: Ball 1-1: Ball 2-1: Ball 3-1: SINGLE (Groundball, 4MD)
|
Batting: RHB Gilberto Bautista
|
0-0: Fielders Choice at 2nd, 5-4 (Groundball, 5L)
|
Batting: RHB Sam Lynch
|
0-0: Swinging Strike 0-1: Foul Ball, location: 2F 0-2: Ball 1-2: Foul Ball, location: 2F 1-2: Ball 2-2: Ball 3-2: Base on Balls Gilberto Bautista to second
|
Batting: RHB Josh Bergman
|
0-0: Ball 1-0: Ball 2-0: Ball 3-0: Base on Balls Gilberto Bautista to third Sam Lynch to second
|
Batting: SHB Andrés Cruz
|
0-0: Called Strike 0-1: Called Strike 0-2: Ball Wild Pitch! Gilberto Bautista scores Sam Lynch to third Josh Bergman to second 1-2: SINGLE (Groundball, 4D) Sam Lynch scores Josh Bergman to third Runner from 3rd tries for Home, SAFE, no throw
|
Pitching: RHP José Medina
|
|
Batting: RHB Ángel Herrera
|
0-0: Ball 1-0: Foul Ball, location: 2F 1-1: Ball 2-1: Foul Ball, location: 2F 2-2: Ground out 5-3 (Groundball, 56S) Andrés Cruz to second
|
Batting: LHB Terry Neal
|
0-0: Foul Ball, location: 2F 0-1: Foul Ball, location: 2F 0-2: Foul Ball, location: 2F 0-2: Foul Ball, location: 2F 0-2: Ball 1-2: Ground out 3-1 (Groundball, 34S)
|
Bottom of the 6th over - 3 run(s), 2 hit(s), 0 error(s), 1 left on base; Louisville 7 - Texas Tech 5 |
TOP OF THE 7TH |
Louisville Cardinals batting - Pitching for Texas Tech Red Raiders : RHP Brent McPherson
|
Batting: RHB Doug Bell
|
0-0: Called Strike 0-1: SINGLE (Line Drive, 8LS)
|
Batting: RHB Mike Harris
|
0-0: Foul Ball, location: 2F 0-1: Ball 1-1: Called Strike 1-2: Ball 2-2: Ball 3-2: Grounds into double play, 6-4-3 (Groundball, 6)
|
Batting: RHB Scott Cabrera
|
0-0: Ball 1-0: Fly out, F9 (Line Drive, 89M)
|
Top of the 7th over - 0 run(s), 1 hit(s), 0 error(s), 0 left on base; Louisville 7 - Texas Tech 5 |
BOTTOM OF THE 7TH |
Texas Tech Red Raiders batting - Pitching for Louisville Cardinals : RHP José Medina
|
Batting: RHB Lorenzo Hernández
|
0-0: Ball 1-0: Ball 2-0: Called Strike 2-1: Called Strike 2-2: Strikes out swinging
|
Batting: RHB Cameron Irwin
|
0-0: Ground out 1-3 (Groundball, 13S)
|
Batting: LHB Arthur Guzmán
|
0-0: Ball 1-0: Ball 2-0: Ball 3-0: Called Strike 3-1: Called Strike 3-2: Foul Ball, location: 2F 3-2: Base on Balls
|
Batting: RHB Gilberto Bautista
|
0-0: Ball 1-0: Called Strike 1-1: SINGLE (Line Drive, 8LS) Arthur Guzmán to second
|
Pinch Runner at 2nd Rodrigo Castillo:
|
|
Batting: RHB Sam Lynch
|
0-0: Ball 1-0: Ball 2-0: Ball 3-0: Called Strike 3-1: Fly out, F7 (Line Drive, 78M)
|
Bottom of the 7th over - 0 run(s), 1 hit(s), 0 error(s), 2 left on base; Louisville 7 - Texas Tech 5 |
TOP OF THE 8TH |
Louisville Cardinals batting - Pitching for Texas Tech Red Raiders : RHP Brent McPherson
|
Batting: RHB Justin Tomlinson
|
0-0: Ball 1-0: Fly out, F8 (Flyball, 8LM)
|
Batting: RHB Bobby Hendricks
|
0-0: Ball 1-0: Foul Ball, location: 2F 1-1: Ball 2-1: Swinging Strike 2-2: Ball 3-2: Foul Ball, location: 2F 3-2: Strikes out swinging
|
Batting: RHB Troy Legge
|
0-0: Called Strike 0-1: Ball 1-1: Foul Ball, location: 2F 1-2: Ball 2-2: Strikes out swinging
|
Top of the 8th over - 0 run(s), 0 hit(s), 0 error(s), 0 left on base; Louisville 7 - Texas Tech 5 |
BOTTOM OF THE 8TH |
Texas Tech Red Raiders batting - Pitching for Louisville Cardinals : RHP José Medina
|
Batting: RHB Josh Bergman
|
0-0: Foul Ball, location: 2F 0-1: Ground out 5-3 (Groundball, 56)
|
Batting: SHB Andrés Cruz
|
0-0: Swinging Strike 0-1: Swinging Strike 0-2: Strikes out swinging
|
Batting: RHB Ángel Herrera
|
0-0: Ground out 6-3 (Groundball, 6)
|
Bottom of the 8th over - 0 run(s), 0 hit(s), 0 error(s), 0 left on base; Louisville 7 - Texas Tech 5 |
TOP OF THE 9TH |
Louisville Cardinals batting - Pitching for Texas Tech Red Raiders : RHP Brent McPherson
|
Pitching: RHP José Fernández
|
|
Batting: RHB Victor Gilbert
|
0-0: Ball 1-0: Ball 2-0: Ball 3-0: Called Strike 3-1: Base on Balls
|
Batting: RHB Michael Harris
|
0-0: Ball 1-0: Ball 2-0: Called Strike 2-1: Ball 3-1: Foul Ball, location: 2F 3-2: Base on Balls Victor Gilbert to second
|
Batting: RHB James Everhart
|
0-0: Called Strike 0-1: Ball 1-1: Grounds into double play, 5-4-3 (Groundball, 56) Victor Gilbert to third
|
Batting: RHB Doug Bell
|
0-0: Called Strike 0-1: Ball 1-1: Ball 2-1: Ball 3-1: Called Strike 3-2: Base on Balls
|
Batting: RHB Mike Harris
|
0-0: Ball Doug Bell steals 2nd base 1-0: Foul Ball, location: 2F 1-1: Swinging Strike 1-2: Foul Ball, location: 2F 1-2: Ball 2-2: Strikes out looking
|
Top of the 9th over - 0 run(s), 0 hit(s), 0 error(s), 2 left on base; Louisville 7 - Texas Tech 5 |
BOTTOM OF THE 9TH |
Texas Tech Red Raiders batting - Pitching for Louisville Cardinals : RHP José Medina
|
Pitching: LHP Patrick Johnson
|
|
Batting: LHB Terry Neal
|
0-0: Called Strike 0-1: Foul Ball, location: 2F 0-2: Ball 1-2: Strikes out looking
|
Batting: RHB Lorenzo Hernández
|
0-0: Ball 1-0: Ground out 6-3 (Groundball, 6)
|
Batting: RHB Cameron Irwin
|
0-0: Ball 1-0: Ball 2-0: Called Strike 2-1: Ball 3-1: Fly out, F9 (Flyball, 9LS)
|
Bottom of the 9th over - 0 run(s), 0 hit(s), 0 error(s), 0 left on base; Louisville 7 - Texas Tech 5 |
|
Thursday, March 30th, 2017 - OOTP Baseball 17.12 Build 75
|
|